 Dungeon Crawl Stone Soup version 0.28-a0-1159-g27aa881441 (webtiles) character file.

Game seed: 9549681171551423658

5 fragbeetle the Ruffian (level 1, 12/16 HPs)
             Began as a Draconian Transmuter on Dec 16, 2021.
             Quit the game on level 1 of the Dungeon.
             The game lasted 00:00:35 (127 turns).

fragbeetle the Ruffian (Draconian Transmuter)        Turns: 127, Time: 00:00:36

Health: 12/16      AC:  4    Str: 12    XL:     1   Next: 66%
Magic:  2/3        EV: 12    Int: 13    God:
Gold:   34         SH:  0    Dex: 11    Spells: 3/4 levels left

rFire   . . .      SeeInvis .     - Unarmed
rCold   . . .      Faith    .   (no shield)
rNeg    . . .      Spirit   .   (armour unavailable)
rPois   .          Reflect  .   (helmet currently unavailable)
rElec   .          Harm     .   (no cloak)
rCorr   .          Rampage  .   (no gloves)
Will    .....                   (boots currently unavailable)
Stlth   +.........              (no amulet)
HPRegen 0.05/turn               (no ring)
MPRegen 0.08/turn               (no ring)

@: appendages (expiring)
A: horns 2, talons 2, AC +4, unfitting armour, cold-blooded
a: End Transformation


You were on level 1 of the Dungeon.
You had temporarily grown beastly horns and talons.
You visited 1 branch of the dungeon, and saw 1 of its levels.

You collected 34 gold pieces.

Inventory:

Armour
 b - a +2 hat (melded)
Scrolls
 a - a scroll of blinking {unknown}
Potions
 c - a potion of lignification {unknown}


   Skills:
 - Level 1.1 Fighting
 - Level 1.7 Dodging
 + Level 3.2 Unarmed Combat
 - Level 2.0 Spellcasting
 + Level 2.2 Transmutations


You had 3 spell levels left.
You knew the following spells:

 Your Spells              Type           Power      Damage    Failure   Level
a - Beastly Appendage     Tmut           14%        N/A       10%         1

Your spell library contained the following spells:

 Spells                   Type           Power      Damage    Failure   Level
 Wereblood                Tmut           7%         N/A       16%         2
 Spider Form              Tmut/Pois      4%         N/A       43%         3
 Ice Form                 Ice/Tmut       4%         N/A       85%         4


Dungeon Overview and Level Annotations

Branches:
Dungeon (1/15)

Altars:


Innate Abilities, Weirdness & Mutations

You have temporarily grown beastly horns and talons.
Your plain brown scales are hard. (AC +4)
You cannot fit into any form of body armour.
You are cold-blooded and may be slowed by cold attacks.


Message History

You grow a pair of large bovine horns.
Your feet morph into talons.
You barely miss the bat. The bat hits you but does no damage.
The bat closely misses you. The bat hits you but does no damage.
You hit the bat.
You kill the bat!
Found a stone staircase leading down.
Your transformation is almost over.
a - a scroll labelled TOCIXE MEOHYUH Your horns disappear.
Your talons disappear.
Found a runed hat.
You now have 11 gold pieces.
You see here a +2 hat.
Found a whip.
You see here a +2 hat.
b - a +2 hat You start putting on your armour.
You continue putting on your +2 hat. x4
You finish putting on your +2 hat.
You now have 21 gold pieces (gained 10).
Found a stone staircase leading down.
Found a short sword.
You now have 34 gold pieces (gained 13).
Found a fizzy purple potion.
A quokka comes into view.
A kobold comes into view. It is wielding a +0 short sword.
You grow a pair of large bovine horns.
Your feet morph into talons.
Your +2 hat melds into your body.
The kobold hits you but does no damage.
You closely miss the kobold. You claw the kobold.
The kobold is moderately wounded.
The kobold misses you.
You hit the kobold.
You kill the kobold!
The quokka bites you.
You hit the quokka. Your kick misses the quokka.
Your headbutt misses the quokka. You tail-slap the quokka.
You kill the quokka!
Your transformation is almost over.
c - a fizzy purple potion You see here a +0 short sword.
Are you sure you want to abandon this character and quit the game? (Confirm with "yes".)

........... ##..#..###
.........# ###...##
#........# ##...##
#........# ##.#.####
####........#
#.#....####...........#
#)..........##........#
#....##.##.........#
+..####.##.....@...#
#..................#
#..#.#..##....######
#.##...>##..).# #.
##.#.####### .. #.....
... ..#.... ...
........ . .####.....


There were no monsters in sight!

Vanquished Creatures
  A ball python (D:1)
  A kobold (D:1)
  A quokka (D:1)
  A bat (D:1)
  A frilled lizard (D:1)
5 creatures vanquished.

Notes
Turn   | Place    | Note
-------+----------+-------------------------------------------
     0 | D:1      | fragbeetle the Draconian Transmuter began the quest for the
                  | Orb.
     0 | D:1      | Reached XP level 1. HP: 16/16 MP: 3/3
    14 | D:1      | Found a faded altar of an unknown god.
   127 | D:1      | Quit the game

Illustrated notes

Levels and vault maps discovered:
D:1:      minmay_arrival_checkered_box, layout_rooms, basic_ecumenical_altar,
          minmay_fountain_box

Action                   || total
-------------------------++-------
Melee: Unarmed           ||     8
       Kick              ||     2
       Tailslap          ||     1
 Cast: Beastly Appendage ||     4
Armor: Skin              ||     3
Dodge: Dodged            ||     4

Table legend: (Time is in decaauts)
 A = Elapsed time spent in this place.
 B = Non-inter-level travel time spent in this place.
 C = Inter-level travel time spent in this place.
 D = Time resting spent in this place.
 E = Time spent auto-exploring this place.
 F = Levels seen in this place.
 G = Mean time per level.
                   A        B        C        D        E       F      G
               +--------+--------+--------+--------+--------+-----+--------+
         Total |    126 |    126 |      0 |      0 |     61 |   1 |  126.0 |
       Dungeon |    126 |    126 |      0 |      0 |     61 |   1 |  126.0 |
               +--------+--------+--------+--------+--------+-----+--------+

Top non-repeatable levels by time:
     D:1: 126 daAuts
